 Seeded DCSS version 0.29.1-12-g30fa7ad0bf (webtiles) character file.

Game seed: 20221231 (custom seed)

105396 stormannn the Impaler (level 15, -12/126 HPs)
             Began as a Demonspawn Abyssal Knight on Dec 31, 2022.
             Was the Champion of Lugonu.
             Mangled by a +4 vorpal trident (14 damage)
             ... on level 1 of the Elven Halls on Jan 1, 2023.
             The game lasted 01:21:07 (31458 turns).

stormannn the Impaler (Demonspawn Abyssal Knight)  Turns: 31458, Time: 01:21:08

Health: -12/126    AC: 17    Str: 23    XL:     15   Next: 94%
Magic:  24/24      EV: 10    Int: 13    God:    Lugonu [******]
Gold:   1769       SH: 21    Dex: 13    Spells: 14/14 levels left

rFire   + + .      SeeInvis .   L - +7 spear (distort)
rCold   + . .      Faith    .   T - +1 kite shield {rF+}
rNeg    . . .      Spirit   .   K - +0 acid dragon scales
rPois   +          Reflect  +   N - +0 helmet
rElec   .          Harm     .   R - +0 cloak of a bailey {rPois rF+ rC+ Stlth-}
rCorr   +          Rampage  .   d - +2 pair of gloves {Str+3}
Will    ++...                   (no boots)
Stlth   ..........              H - amulet of reflection
HPRegen 0.31/turn               j - ring of willpower
MPRegen 0.38/turn               t - ring of poison resistance

@: corroded
A: hooves 2, icemail 1, magic regeneration, sharp scales 2, condensation shield
a: Renounce Religion, Depart the Abyss, Bend Space, Banish, Corrupt, Enter the
Abyss, Brand Weapon With Distortion


You were on level 1 of the Elven Halls.
You worshipped Lugonu.
Lugonu was exalted by your worship.
You visited 5 branches of the dungeon, and saw 24 of its levels.
You visited the Abyss 1 time.
You also visited: Gauntlet and Volcano.

You collected 2249 gold pieces.
You spent 480 gold pieces at shops.

Inventory:

Hand Weapons
 o - the +4 spear "Uziacih" {vamp, Will+ MP+9 Str+3}
   (You bought it in a shop on level 2 of the Orcish Mines)

   It occasionally heals its wielder for a portion of the damage dealt when it
   wounds a living foe.
   Str:       It affects your strength (+3).
   MP:        It affects your magic capacity (+9).
   Will:      It increases your willpower.
 L - a +7 spear of distortion (weapon)
Missiles
 k - 11 silver javelins (quivered)
Armour
 d - a +2 pair of gloves of strength (worn)
 y - the +2 pair of gloves "Lytugio" {*Slow rPois rN+}
   (You found it on level 3 of the Dungeon)

   rPois:     It protects you from poison.
   rN:        It protects you from negative energy.
   *Slow:     It may slow you when you take damage.
 C - a +2 scale mail of fire resistance
 K - +0 acid dragon scales (worn)
 N - a +0 helmet (worn)
 R - the +0 cloak of a bailey (worn) {rPois rF+ rC+ Stlth-}
   (You found it in a Gauntlet)

   rF:        It protects you from fire.
   rC:        It protects you from cold.
   rPois:     It protects you from poison.
   Stlth:     It makes you less stealthy.
 S - the +1 pair of boots "Aber" {Harm Rampage rN+ Str+2}
   (You found it in a Gauntlet)

   Str:       It affects your strength (+2).
   rN:        It protects you from negative energy.
   Harm:      It increases damage dealt and taken.
   Rampage:   It bestows one free step when moving towards enemies.
 T - a +1 kite shield of fire resistance (worn)
Jewellery
 j - a ring of willpower (left hand)
 t - a ring of poison resistance (right hand)
 B - a ring of resist corrosion
 D - a ring of protection from cold
 H - an amulet of reflection (around neck)
Wands
 a - a wand of digging (19)
 p - a wand of polymorph (22)
 u - a wand of flame (53)
 v - a wand of mindburst (11)
 w - a wand of iceblast (18)
 I - a wand of light (9)
Scrolls
 b - 3 scrolls of magic mapping
 c - 4 scrolls of noise
 g - 12 scrolls of amnesia
 h - a scroll of brand weapon
 i - 7 scrolls of teleportation
 l - 3 scrolls of blinking
 m - 2 scrolls of silence
 q - 4 scrolls of poison
 E - a scroll of fear
 M - a scroll of enchant weapon
 P - 2 scrolls of enchant armour
 Q - 9 scrolls of identify
Potions
 e - 6 potions of attraction
 f - 3 potions of curing
 n - 3 potions of resistance
 r - a potion of magic
 s - 3 potions of flight
 x - 6 potions of lignification
 z - 2 potions of haste
 A - 7 potions of degeneration
 F - 4 potions of ambrosia
 G - 3 potions of brilliance
 J - 7 potions of mutation
 O - 2 potions of invisibility
 W - a potion of cancellation
 Y - a potion of might
 Z - 3 potions of berserk rage
Miscellaneous
 U - a box of beasts
 V - a tin of tremorstones (2/2)
 X - a phantom mirror


   Skills:
 * Level 14.2 Fighting
 * Level 16.4 Polearms
 * Level 11.0 Armour
 - Level 0.8 Dodging
 * Level 10.7 Shields
 + Level 12.3 Invocations


You had 14 spell levels left.
You didn't know any spells.
Your spell library contained the following spells:

 Spells                   Type           Power      Damage    Failure   Level
 Foxfire                  Conj/Fire      0%         2x1d4     63%         1
 Shock                    Conj/Air       0%         1d3       63%         1
 Slow                     Hex            0%         N/A       63%         1
 Summon Small Mammal      Summ           0%         N/A       63%         1
 Ensorcelled Hibernation  Hex/Ice        0%         N/A       77%         2
 Passwall                 Tmut/Erth      0%         N/A       77%         2
 Scorch                   Fire           0%         2d5       77%         2
 Confusing Touch          Hex            0%         N/A       94%         3
 Conjure Flame            Conj/Fire      0%         6-21      94%         3
 Dazzling Flash           Conj/Hex       0%         N/A       94%         3
 Inner Flame              Hex/Fire       0%         N/A       94%         3
 Spider Form              Tmut/Pois      0%         N/A       94%         3
 Stone Arrow              Conj/Erth      0%         3d7       94%         3
 Swiftness                Air            0%         N/A       94%         3
 Tukima's Dance           Hex            0%         N/A       94%         3
 Vampiric Draining        Necr           0%         2d6       94%         3
 Airstrike                Air            0%         2d(0-16)  100%        4
 Anguish                  Hex/Necr       0%         N/A       100%        4
 Animate Armour           Summ/Erth      0%         N/A       100%        4
 Cause Fear               Hex            0%         N/A       100%        4
 Flame Wave               Conj/Fire      0%         2d4       100%        4
 Passage of Golubria      Tloc           0%         N/A       100%        4
 Agony                    Necr           0%         N/A       100%        5
 Silence                  Hex/Air        0%         N/A       100%        5
 Yara's Violent Unravell  Hex/Tmut       0%         3d3       100%        5
 Dragon Form              Tmut           0%         N/A       100%        7
 Enfeeble                 Hex            0%         N/A       100%        7
 Ignition                 Fire           0%         3d3       100%        8
 Lehudib's Crystal Spear  Conj/Erth      0%         10d2      100%        8
 Dragon's Call            Summ           0%         N/A       100%        9
 Fire Storm               Conj/Fire      0%         5d1       100%        9


Dungeon Overview and Level Annotations

Branches:
Dungeon (15/15)            Temple (0/1) D:4            Lair (5/5) D:11
  Swamp (0/4) Lair:3       Spider (1/4) Lair:3        Slime (0/5) Lair:4
    Orc (2/2) D:11            Elf (1/3) Orc:2        Vaults (0/5) D:14
 Depths (0/4) D:15        Volcano (visited)         Gauntlet (visited)

Altars:
Ashenzari
Dithmenos
Fedhas
Kikubaaqudgha
Makhleb
Okawaru
Ru
Sif Muna
Trog
Uskayaw
Vehumet
Yredelemnul
Jiyva

Shops:
D:1 :   D:5 [   D:7 !   D:9 (   D:13 (   D:14 [   Orc:2 ((*

Portals:
Abyss: D:10

Annotations:
D:4 exclusion: oklob plant
D:10 2 transporters, SirLogeyBear's ghost, novice HOBe
D:12 3 runed translucent doors
D:15 3 runed translucent doors, Weasuff's ghost, adept GnWr
Lair:5 exclusion: orange crystal statue
Spider:1 Nikola
Abyss:1 Blork the orc; Erolcha; Maggie; Sigmund


Innate Abilities, Weirdness & Mutations

You have hoof-like feet.
A meltable icy envelope protects you from harm. (AC +4)
You regenerate magic rapidly.
You are mostly covered in razor-sharp scales. (AC +2, Slay +2)
A meltable shield of frost defends you. (SH +4)


Message History

The chaos spawn degenerates into a cloud of primal chaos!
The rust devil disappears in a puff of smoke!
You block the +4 vorpal trident's attack.
The +4 vorpal trident hits you from afar!
* * * LOW HITPOINT WARNING * * *
x2 Your Armour skill increases to level 11!
The deep elf zephyrmancer casts a spell.
The deep elf zephyrmancer blinks!
You block the +4 vorpal trident's attack.
The +4 vorpal trident hits you from afar!
* * * LOW HITPOINT WARNING * * *
x2 You feel better.
You block the +4 vorpal trident's attack. x2
The deep elf zephyrmancer hits you but does no damage.
You hit the deep elf zephyrmancer.
Space warps around the deep elf zephyrmancer.
You kick the deep elf zephyrmancer.
The deep elf zephyrmancer is almost dead.
The +4 vorpal trident hits you from afar!
* * * LOW HITPOINT WARNING * * *
x2 The deep elf zephyrmancer hits you with a +0 short sword.
* * * LOW HITPOINT WARNING * * *
You feel better.
The +4 vorpal trident closely misses you.
You block the deep elf zephyrmancer's attack.
You block the +4 vorpal trident's attack.
You barely miss the deep elf zephyrmancer.
Your kick misses the deep elf zephyrmancer.
The deep elf zephyrmancer is almost dead.
The +4 vorpal trident barely misses you.
You barely miss the deep elf zephyrmancer.
Your kick misses the deep elf zephyrmancer.
The deep elf zephyrmancer is almost dead.
The deep elf zephyrmancer points at you and mumbles some strange words.
The bolt of lightning hits you!!
* * * LOW HITPOINT WARNING * * *
The bolt of lightning hits the +4 vorpal trident.
The +4 vorpal trident completely resists.
The +4 vorpal trident hits you from afar!
You die...

#..# #..#
#..# #..#
#..# #..#
#..# #e.#
# #@.# #.
#..# #..
#(.# #...
#..#
#....#.)#
#....#).#
#....#))#
#....)..#
#....#..#


You could see a deep elf zephyrmancer and a +4 vorpal trident.

Vanquished Creatures
  A minotaur (Gauntlet)
  An ettin (Orc:2)
  A great orb of eyes (D:15)
  3 vault guards (D:14)
  2 hydras
  5 ogre magi
  2 centaur warriors
  2 catoblepae
  10 two-headed ogres
  A radroach (Spider:1)
  A dancing weapon (Volcano)
  4 tengu warriors
  A death knight (D:13)
  An orc high priest (Elf:1)
  Urug (D:13)
  5 skeletal warriors
  A flayed ghost (D:15)
  5 wizards (Volcano)
  2 orb spiders
  A phantasmal warrior (D:13)
  2 orc knights
  2 deep elf pyromancers
  2 wolf spiders
  11 ugly things
  2 deep elf zephyrmancers (Elf:1)
  A harpy (shapeshifter) (D:13)
  2 orc sorcerers
  3 manticores
  2 cyclopes
  2 toenail golems (Volcano)
  16 elephants
  A black mamba (Lair:5)
  Maurice (D:12)
  A water nymph (shapeshifter) (D:15)
  A torpor snail (Spider:1)
  A gargoyle (D:11)
  5 rime drakes (Lair:4)
  10 cane toads
  7 komodo dragons
  2 freezing wraiths (D:13)
  A tengu conjurer (D:14)
  A minotaur zombie (Gauntlet)
  A troll (shapeshifter) (D:15)
  8 trolls
  6 polar bears
  10 hornets
  Grinder (D:3)
  4 tarantellas
  22 blink frogs
  A slime creature (D:15)
  A dream sheep (Lair:5)
  A culicivora (Spider:1)
  A jumping spider (Spider:1)
  A vampire (D:10)
  16 yaks
  3 wyverns
  A shadow (D:11)
  A wraith (D:13)
  13 spriggans (Lair:5)
  5 basilisks
  6 hogs (Lair:4)
  A human (D:14)
  2 fire bats (Lair:1)
  2 redbacks (Spider:1)
  2 vampire mosquitoes (D:14)
  3 swamp worms (Gauntlet)
  A warg (Orc:2)
  Edmund (D:5)
  2 acid dragons
  33 water moccasins
  17 orc warriors
  2 ice beasts
  7 black bears
  5 sky beasts
  4 boggarts (Lair:5)
  33 wolves
  2 centaurs (D:9)
  25 ogres
  A kobold brigand (D:9)
  6 bullfrogs
  6 gnoll sergeants
  2 scorpions
  8 wights
  11 killer bees
  2 electric eels
  6 howler monkeys
  3 jellies
  2 lava snakes (Lair:5)
  8 hounds
  6 orc priests
  A gnoll bouda (D:7)
  7 hell rats (Lair:1)
  3 iguanas
  14 orc wizards
  34 gnolls
  20 adders
  3 shadow imps
  A white imp (D:6)
  2 worms
  5 dart slugs
  66 orcs
  6 endoplasms
  A giant cockroach (D:1)
  18 goblins
  7 hobgoblins
  7 jackals
  7 kobolds
  2 quokkas
  3 training dummies (D:9)
  7 ball pythons
  4 bats
  5 frilled lizards
  10 rats
664 creatures vanquished.

Vanquished Creatures (collateral kills)
  2 two-headed ogres (Orc:2)
  An ogre (Orc:2)
3 creatures vanquished.

Vanquished Creatures (others)
  Kirke (Lair:4)
  A toenail golem (Volcano)
  20 fungi
  46 plants
68 creatures vanquished.

Grand Total: 735 creatures vanquished

Notes
Turn   | Place    | Note
-------+----------+-------------------------------------------
     0 | Abyss:1  | stormannn the Demonspawn Abyssal Knight began the quest for
                  | the Orb.
     0 | Abyss:1  | Reached XP level 1. HP: 18/18 MP: 2/2
     1 | D:1      | Escaped the Abyss
    26 | D:1      | Reached skill level 2 in Polearms
    69 | D:1      | Gained mutation: A meltable shield of frost defends you.
                  | (SH +4) [demonic ancestry]
    69 | D:1      | Reached XP level 2. HP: 24/24 MP: 4/4
    80 | D:1      | Found Liumukasch's Book Emporium.
   494 | D:1      | Gained mutation: You have large cloven feet. [demonic
                  | ancestry]
   494 | D:1      | Reached XP level 3. HP: 9/29 MP: 5/5
  1238 | D:2      | Reached *** piety under Lugonu
  1553 | D:2      | Reached skill level 3 in Polearms
  1599 | D:2      | Gained mutation: You are partially covered in razor-sharp
                  | scales. (AC +1, Slay +1) [demonic ancestry]
  1599 | D:2      | Reached XP level 4. HP: 19/35 MP: 6/6
  1984 | D:2      | Identified the +8 short sword "Docaceh" {spect, rCorr Str-4
                  | Int+8 Stlth+}
  2350 | D:3      | Found a faded altar of an unknown god.
  2430 | D:3      | Found a faded altar of an unknown god.
  2433 | D:3      | Found a shadowy altar of Dithmenos.
  2481 | D:3      | Identified the +2 pair of gloves "Lytugio" {*Slow rPois
                  | rN+}
  2558 | D:3      | Noticed Grinder
  2576 | D:3      | Killed Grinder
  2577 | D:3      | Reached skill level 4 in Polearms
  2577 | D:3      | Reached XP level 5. HP: 6/42 MP: 6/8
  2577 | D:3      | Reached XP level 6. HP: 7/48 MP: 6/9
  2840 | D:3      | Found an ancient bone altar of Kikubaaqudgha.
  2951 | D:3      | Found a hide-covered altar of Uskayaw.
  3366 | D:4      | Found a basalt altar of Yredelemnul.
  3366 | D:4      | Noticed Blork the orc
  3367 | D:4      | Found a burning altar of Makhleb.
  3382 | D:4      | Banished Blork the orc
  3383 | D:4      | Reached skill level 5 in Invocations
  3649 | D:4      | Noticed a sky beast
  3660 | D:4      | Killed a sky beast
  3661 | D:4      | Reached skill level 5 in Polearms
  3661 | D:4      | Gained mutation: You have hoof-like feet. [demonic
                  | ancestry]
  3661 | D:4      | Reached XP level 7. HP: 55/55 MP: 9/11
  3710 | D:4      | Found a staircase to the Ecumenical Temple.
  3828 | D:4      | Reached skill level 5 in Fighting
  4058 | D:4      | Found a blossoming altar of Fedhas.
  4074 | D:4      | Noticed an oklob plant
  4216 | D:5      | Entered Level 5 of the Dungeon
  4216 | D:5      | Found Ymeexke's Antique Armour Shop.
  4305 | D:5      | Noticed Edmund
  4326 | D:5      | Killed Edmund
  4327 | D:5      | Reached skill level 6 in Polearms
  4407 | D:5      | Noticed Sigmund
  4408 | D:5      | Banished Sigmund
  4409 | D:5      | Gained mutation: You are mostly covered in razor-sharp
                  | scales. (AC +2, Slay +2) [demonic ancestry]
  4409 | D:5      | Reached XP level 8. HP: 63/63 MP: 7/12
  4755 | D:5      | Reached skill level 7 in Polearms
  5749 | D:6      | Reached XP level 9. HP: 52/71 MP: 13/15
  5910 | D:6      | Reached skill level 8 in Polearms
  5917 | D:6      | Reached **** piety under Lugonu
  6622 | D:6      | Found a broken altar of Ashenzari.
  6914 | D:7      | Noticed Maggie
  6917 | D:7      | Reached skill level 9 in Polearms
  6920 | D:7      | Banished Maggie
  7065 | D:7      | Found Xipacav's Distillery.
  7074 | D:7      | Bought a potion of resistance for 120 gold pieces
  7074 | D:7      | Bought a potion of heal wounds for 60 gold pieces
  7074 | D:7      | Bought a potion of heal wounds for 60 gold pieces
  7884 | D:7      | Reached XP level 10. HP: 80/80 MP: 17/17
  7920 | D:7      | Reached ***** piety under Lugonu
  7976 | D:7      | Reached skill level 10 in Invocations
  8171 | D:7      | Reached skill level 10 in Polearms
  8327 | D:7      | Found a bloodstained altar of Trog.
  9336 | D:8      | Reached skill level 1 in Shields
  9859 | D:9      | Found Pakkeov's Firing Range.
 10377 | D:9      | Found a sacrificial altar of Ru.
 11037 | D:9      | Found an iron altar of Okawaru.
 11258 | D:10     | Entered Level 10 of the Dungeon
 11278 | D:10     | Found a radiant altar of Vehumet.
 11526 | D:10     | Found a shimmering blue altar of Sif Muna.
 11554 | D:10     | Reached skill level 11 in Polearms
 11721 | D:10     | Reached XP level 11. HP: 87/87 MP: 18/18
 11770 | D:10     | Found a transporter.
 11985 | D:10     | Found a transporter.
 11990 | D:10     | Found a one-way gate to the infinite horrors of the Abyss.
 11990 | D:10     | Noticed SirLogeyBear's ghost (novice HOBe)
 11990 | D:10     | Noticed a thrashing horror
 13050 | D:11     | Reached ****** piety under Lugonu
 13547 | D:11     | Found a staircase to the Orcish Mines.
 13829 | D:11     | Found a staircase to the Lair.
 14097 | D:12     | Reached skill level 12 in Polearms
 14111 | D:12     | Noticed a two-headed ogre
 14118 | D:12     | Killed a two-headed ogre
 14119 | D:12     | Reached skill level 5 in Armour
 14159 | D:12     | Noticed a purple ugly thing
 14172 | D:12     | Killed a purple ugly thing
 14193 | D:12     | Found a gate leading to a gauntlet.
 14200 | Gauntlet | Entered a Gauntlet
 14200 | Gauntlet | Noticed a death scarab
 14200 | Gauntlet | Found a transporter.
 14200 | Gauntlet | Found a transporter.
 14200 | Gauntlet | Found a transporter.
 14201 | Gauntlet | Found a transporter.
 14204 | Gauntlet | Noticed a sixfirhy
 14205 | Gauntlet | Found a transporter.
 14207 | Gauntlet | Found a transporter.
 14212 | Gauntlet | Found a transporter.
 14213 | Gauntlet | Found a transporter.
 14214 | Gauntlet | Found a transporter.
 14215 | Gauntlet | Noticed a shining eye
 14216 | Gauntlet | Found a transporter.
 14222 | Gauntlet | Found a runed translucent gate.
 14222 | Gauntlet | Found a runed translucent gate.
 14222 | Gauntlet | Found a runed translucent gate.
 14224 | Gauntlet | Found a transporter.
 14225 | Gauntlet | Found a transporter.
 14706 | Gauntlet | Identified the +0 cloak of a bailey {rPois rF+ rC+ Stlth-}
 14720 | Gauntlet | Reached skill level 10 in Fighting
 15013 | Gauntlet | Noticed a minotaur
 15018 | Gauntlet | Killed a minotaur
 15019 | Gauntlet | Gained mutation: A meltable icy envelope protects you from
                  | harm. (AC +4) [demonic ancestry]
 15019 | Gauntlet | Reached XP level 12. HP: 91/97 MP: 19/19
 15022 | Gauntlet | Identified the +1 pair of boots "Aber" {Harm Rampage rN+
                  | Str+2}
 15023 | Gauntlet | Got the Papyrus of Generative Flames
 15180 | Gauntlet | Reached skill level 5 in Shields
 15259 | D:12     | Found a runed translucent door.
 15260 | D:12     | Noticed a merfolk impaler
 15260 | D:12     | Noticed a merfolk avatar
 15261 | D:12     | Found a runed translucent door.
 15279 | D:12     | Identified the +8 chain mail of the Albatross {Int+5}
 15585 | D:12     | Found a runed translucent door.
 15689 | D:12     | Noticed Maurice
 15693 | D:12     | Killed Maurice
 15717 | D:12     | Noticed Erolcha
 15718 | D:12     | Banished Erolcha
 15754 | D:12     | Reached skill level 13 in Polearms
 16090 | Lair:1   | Entered Level 1 of the Lair of Beasts
 16767 | Lair:1   | Found a dark tunnel.
 16776 | Volcano  | Entered a volcano
 17017 | Volcano  | Gained mutation: You regenerate magic rapidly. [demonic
                  | ancestry]
 17017 | Volcano  | Reached XP level 13. HP: 89/106 MP: 20/20
 17724 | Lair:2   | Reached skill level 14 in Polearms
 18472 | Lair:3   | Found a staircase to the Swamp.
 19044 | Lair:3   | Found a hole to the Spider Nest.
 20602 | Lair:4   | Found a staircase to the Slime Pits.
 20603 | Lair:4   | Found a viscous altar of Jiyva.
 20634 | Lair:4   | Noticed Kirke
 20682 | Lair:4   | Killed Kirke
 20683 | Lair:4   | Reached skill level 15 in Polearms
 20937 | Lair:4   | Reached XP level 14. HP: 75/115 MP: 21/21
 21358 | Lair:5   | Entered Level 5 of the Lair of Beasts
 23564 | Orc:1    | Entered Level 1 of the Orcish Mines
 23706 | Orc:2    | Entered Level 2 of the Orcish Mines
 23744 | Orc:2    | Paralysed by an orc sorcerer for 3 turns
 24117 | Orc:2    | Found a staircase to the Elven Halls.
 24118 | Orc:2    | Found Qitzae's Antique Weapon Shop.
 24876 | Orc:2    | Reached XP level 15. HP: 80/124 MP: 23/23
 25148 | Orc:2    | Found Gemoskuf's General Store.
 25149 | Orc:2    | Found Gylug's Distillery.
 25149 | Orc:2    | Found Ymedyisa's Weapon Shop.
 25477 | Orc:2    | Bought an ichor-stained spear for 240 gold pieces
 25477 | Orc:2    | Identified the +4 spear "Uziacih" {vamp, Will+ MP+9 Str+3}
                  | (You bought it in a shop on level 2 of the Orcish Mines)
 25676 | Spider:1 | Entered Level 1 of the Spider Nest
 25911 | Spider:1 | Reached skill level 10 in Armour
 25952 | Spider:1 | Noticed Nikola
 27297 | D:13     | Found Celeab's Antique Weapon Shop.
 27310 | D:13     | Reached skill level 16 in Polearms
 27472 | D:13     | Reached skill level 10 in Shields
 27693 | D:13     | Noticed Urug
 27709 | D:13     | Killed Urug
 29152 | D:14     | Found a gate to the Vaults.
 29799 | D:14     | Found Qeipnol's Armour Emporium.
 29978 | D:15     | Entered Level 15 of the Dungeon
 29978 | D:15     | Found a runed translucent gate.
 29978 | D:15     | Found a runed translucent gate.
 29978 | D:15     | Found a runed translucent gate.
 29983 | D:15     | Noticed Weasuff's ghost (adept GnWr)
 30710 | D:15     | Found a staircase to the Depths.
 31210 | Elf:1    | Entered Level 1 of the Elven Halls
 31458 | Elf:1    | HP: 2/126 [deep elf zephyrmancer/bolt of lightning (21)]
 31458 | Elf:1    | Mangled by a +4 vorpal trident

Illustrated notes

Levels and vault maps discovered:
D:1:      dpeg_arrival_rooms_b, layout_rooms, serial_shops,
          nicolae_shop_crystal, st_stairs_9, minmay_tiny_reverse_x
D:2:      layout_basic
D:3:      layout_loops_ring, mainiacjoe_overflow_surrounded_room,
          nicolae_overflow_ecumenical_swirl, minitemple,
          hellmonk_ecumenical_altar_crossroads, minivault_4, uniq_grinder
D:4:      layout_rooms, grunt_temple_overflow_open, tgw_fedhas,
          minmay_temple_entry_butterflies, uniq_blork_the_orc
D:5:      layout_basic, serial_shops, shop_fountains, sigmund_edmund_badplayer
D:6:      layout_loops_ring, nicolae_ashenzari_panopticon, minmay_ogre_servants
D:7:      layout_cave_pools, tso_altar, lemuel_tele_altar, serial_gnoll_camp,
          gnoll_camp_mini_shop, gnoll_camp_mini_sergeant, gnoll_camp_medium_01,
          gnoll_camp_mini_hut, gnoll_camp_mini_basic,
          nicolae_kite_square_tiling_tiny, uniq_maggie
D:8:      layout_gridville
D:9:      layout_layer_cave, mainiacjoe_overflow_paths,
          nicolae_ru_path_of_blood, nicolae_shop_firing_range
D:10:     lemuel_reptile_caves, layout_stronghold,
          mainiacjoe_overflow_concentric_impassable,
          mainiacjoe_overflow_catwalk, gammafunk_ghost_abyssal_escape
D:11:     layout_basic, grunt_lair_entry_orc_guard_hut, orc_0_dummy
D:12:     layout_basic, gauntlet_entry_generic, mikee_hates_you, uniq_erolcha,
          uniq_maurice
D:13:     layout_gridville, serial_shops, nicolae_shop_trees,
          nicolae_figureground_pulse, uniq_urug
D:14:     layout_cave_pods, grunt_vaults_entry_fortified, serial_shops,
          kennysheep_mini, grunt_decor_cap
D:15:     gammafunk_enter_depths_forms, layout_rooms, gammafunk_ghost_spectres,
          nicolae_hexahallways
Lair:1:   layout_long_grid, nicolae_volcano_entry_batcave, serial_bayou_pond_d
Lair:2:   layout_chaotic_city
Lair:3:   layout_concentric_octagons, swamp_mist_pool,
          nicolae_spider_entry_orb_guardian, infiniplex_staircase_pool
Lair:4:   layout_cellular_growth, slime_entry_1, minmay_lair_drake_nest,
          uniq_kirke
Lair:5:   minmay_lair_end_enchanted_forest, layout_regular_city, disabler_island
Spider:1: layout_chambers, guppyfry_spider_mini_3, uniq_frances, uniq_nikola
Orc:1:    gammafunk_beogh_shrine, layout_diamond_mine, nicolae_orc_lava_room
Orc:2:    st_orc_ogre_mass, layout_caves
Elf:1:    elf_arrival_001, layout_onion_city, hangedman_elf_disciples

Skill      XL: |  1  2  3  4  5  6  7  8  9 10 11 12 13 14 15 |
---------------+----------------------------------------------+-----
Polearms       | 2 3 4 5 6 7 9 11 12 13 15 16 | 16.4
Invocations    | 3 4 5 6 8 9 10 11 12 | 12.3
Fighting       | 4 5 6 7 8 10 11 12 13 14 | 14.2
Armour         | 3 5 7 8 9 11 | 11.0
Shields        | 2 4 6 8 9 10 | 10.7
Dodging        | |  0.8

Action                   |  1- 3 |  4- 6 |  7- 9 | 10-12 | 13-15 || total
-------------------------+-------+-------+-------+-------+-------++-------
Melee: Spear             |   152 |   100 |   155 |   471 |  1501 ||  2379
       Kick              |    16 |    18 |    92 |   185 |   455 ||   766
       Punch             |     4 |       |     4 |       |       ||     8
       Trident           |       |       |   193 |   255 |       ||   448
Throw: Javelin           |       |     2 |       |       |       ||     2
Invok: Banish            |       |     1 |     2 |     2 |     6 ||    11
Evoke: Wand              |       |       |       |     5 |    16 ||    21
  Use: Scroll            |       |    11 |     5 |     7 |    16 ||    39
       Potion            |       |     4 |     1 |     3 |    14 ||    22
 Stab: Sleeping          |       |     2 |     1 |       |       ||     3
       Distracted        |       |       |       |     1 |       ||     1
Armor: Leather armour    |    16 |    18 |    67 |    22 |       ||   123
       Scale mail        |       |       |       |    42 |     3 ||    45
       Acid dragon scale |       |       |       |    81 |   328 ||   409
Dodge: Dodged            |    45 |    28 |   113 |   124 |   215 ||   525
Block: Other             |    18 |    10 |    29 |     3 |       ||    60
       Kite shield       |       |       |       |   359 |   871 ||  1230
       Reflection        |       |       |       |     5 |    29 ||    34
